 Dungeon Crawl Stone Soup version 0.17-a0-1481-gfdcec5c (webtiles) character file.

119 Gorice the Skirmisher (level 5, -2/34 HPs)
             Began as a Gargoyle Wanderer on July 4, 2015.
             Slain by a gnoll
             ... wielding a +0 flail
              (5 damage)
             ... on level 3 of the Dungeon.
             The game lasted 00:11:53 (2626 turns).

Gorice the Skirmisher (Gargoyle Wanderer)           Turns: 2626, Time: 00:11:53

Health: -2/34      AC: 10    Str: 17    XL:     5   Next: 3%
Magic:  6/6        EV: 10    Int: 14    God:
Gold:   77         SH:  0    Dex:  7    Spells: 1 memorised, 5 levels left

rFire  . . .     SeeInvis .     a - +1 club
rCold  . . .     Clarity  .     i - +0 ring mail
rNeg   + . .     SustAt   .     (no shield)
rPois  ∞         Gourm    .     (no helmet)
rElec  +         Spirit   .     (no cloak)
rCorr  .         Warding  .     l - +0 pair of gloves
rMut   .         Stasis   .     (no boots)
MR     .....                    (no amulet)
Stlth  ..........               (no ring)
                                (no ring)

@: not resistant to hostile enchantments, extremely unstealthy
A: negative energy resistance 1, electricity resistance, unbreathing,
petrification resistance, rot immunity, AC +4
a: no special abilities


You were on level 3 of the Dungeon.
You were hungry.

You visited 1 branch of the dungeon, and saw 3 of its levels.

You collected 77 gold pieces.

Inventory:

Hand weapons
 a - a +1 club (weapon)
Missiles
 k - 51 bolts
 n - 16 silver sling bullets
 Z - 35 stones (quivered)
Armour
 i - a +0 ring mail (worn)
 l - a +0 pair of gloves (worn)
Magical devices
 c - a wand of random effects (15)
Scrolls
 j - a scroll of remove curse
Potions
 h - 2 potions of brilliance {!q}
 m - a potion of ambrosia {!q}
Books
 b - the Almanac of Torrid Conjuration

   Spells                             Type                      Level
   a - Flame Tongue                   Conjuration/Fire             1
   b - Throw Flame                    Conjuration/Fire             2
 e - a book of Maledictions
Comestibles
 f - 3 bread rations {!e}
 g - 4 chunks of flesh


   Skills:
 + Level 4.9 Fighting
   Level 1.1 Shields
 - Level 1.0 Spellcasting
 - Level 2.6 Hexes
   Level 3.6 Translocations
 - Level 1.0 Evocations


You had 5 spell levels left.
You knew the following spells:

 Your Spells              Type           Power        Failure   Level  Hunger
a - Corona                Hex            #......      21%         1    ##.....


Dungeon Overview and Level Annotations

Branches:
Dungeon (3/15)

Altars:
Elyvilon
Gozag
Trog
Xom


Innate Abilities, Weirdness & Mutations

You are resistant to torment.
Your stone body is resilient (AC +4).
You are immune to poison.
You resist negative energy.
You are resistant to electric shocks.
You can survive without breathing.
You are immune to petrification.
You are immune to rotting.


Message History

The gnoll barely misses you.
You hit the gnoll.
The gnoll is almost dead.
The gnoll hits you but does no damage.
Casting: Corona
Confirm with . or Enter, or press ? or * to list all spells.
Aiming: Corona
Press: ? - help, Shift-Dir - straight line, f/p - gnoll
Aim: a gnoll (almost dead, chance to defeat MR: 51%)
You miscast Corona.
You are very lightly contaminated with residual magic.
Your hands glow momentarily.
The gnoll hits you.
Damage: 1 (max 5)
You barely miss the gnoll.
The gnoll is almost dead.
The gnoll hits you but does no damage.
A gnoll comes into view. It is wielding a flail.
You barely miss the gnoll.
The gnoll is almost dead.
The gnoll shouts!
The gnoll hits you.
Damage: 1 (max 5)
You hit the gnoll.
You kill the gnoll!
You have reached level 5!
Your magical contamination has completely faded away.
Read which item? (? for menu, Esc to quit)
Okay, then.
You hit the gnoll.
The gnoll is lightly wounded.
The gnoll barely misses you. The gnoll hits you but does no damage.
You hit the gnoll but do no damage.
The gnoll is lightly wounded.
The gnoll hits you with a flail!
* * * LOW HITPOINT WARNING * * *
The gnoll hits you but does no damage.
Damage: 7 (max 7)
You completely miss the gnoll.
The gnoll is lightly wounded.
The gnoll hits you with a flail.
* * * LOW HITPOINT WARNING * * *
The gnoll hits you with a flail.
* * * LOW HITPOINT WARNING * * *
Damage: 4 (max 7) Drink which item? (? for menu, Esc to quit)
Okay, then.
You hit the gnoll but do no damage.
The gnoll is lightly wounded.
The gnoll hits you with a flail.
You die...

#.# #.# #.# #.# #.#
#+# .# #.# #.# #.#
.. #.#
#.#####.#######.
#.#
####.............#.
#.#
#.@g....#...####.#.
#.# #g##.##......#
#.#. #.#
#.##.##.#...## #.#.
#.###.##.##.##.##
#...
#.<.÷....##.##.#
####
#####.##.##.##.# #
#.##.##.##.# #
#.......##.# #
.....#####.#


You could see 2 gnolls.

Vanquished Creatures
  2 gnolls (D:3)
  5 adders (D:2)
  An ooze (D:1)
  3 worms (D:2)
  3 giant geckos
  2 ball pythons
  A giant cockroach (D:2)
  6 goblins
  6 hobgoblins
  2 jackals (D:3)
  4 bats
  2 giant newts
  3 rats
40 creatures vanquished.

Notes
Turn   | Place    | Note
--------------------------------------------------------------
     0 | D:1      | Gorice the Gargoyle Wanderer began the quest for the Orb.
     0 | D:1      | Gorice set off with: a book of Maledictions, the Almanac of Torrid Conjuration, a wand of random effects (15), a +0 robe, a +0 club, a bread ration {!e}
     0 | D:1      | Reached XP level 1. HP: 10/10 MP: 2/2
     0 | D:1      | Identified the Almanac of Torrid Conjuration
     2 | D:1      | Learned a level 1 spell: Corona
   181 | D:1      | Reached skill level 1 in Fighting
   265 | D:1      | Reached XP level 2. HP: 5/17 MP: 0/3
   271 | D:1      | HP: 4/17 [goblin/dagger (2)]
   617 | D:1      | Reached skill level 2 in Fighting
   973 | D:2      | Reached XP level 3. HP: 7/22 MP: 2/4
  1203 | D:2      | Reached skill level 3 in Fighting
  1436 | D:2      | Found a bloodstained altar of Trog.
  1455 | D:2      | Reached XP level 4. HP: 24/29 MP: 1/5
  1509 | D:2      | Found an opulent altar of Gozag.
  1578 | D:2      | Reached skill level 4 in Fighting
  1652 | D:2      | HP: 7/29 [worm (4)]
  2496 | D:3      | Found a white marble altar of Elyvilon.
  2566 | D:3      | Found a shimmering altar of Xom.
  2622 | D:3      | Reached XP level 5. HP: 14/34 MP: 6/6
  2624 | D:3      | HP: 7/34 [gnoll/flail (8)]
  2625 | D:3      | HP: 3/34 [gnoll/flail (3)]
  2626 | D:3      | Slain by a gnoll

Vault maps used:
D:1:      lightli_arrival_statue_moat, minmay_door_square
D:2:      nicolae_overflow_crystal_walls, lemuel_round_altar
D:3:      overflow_temple_1_default, lemuel_doored_altar, ecumenical_altar_1,
          grunt_ministairs_12, minmay_strange_pillars, minmay_misc_feat_tower,
          uniq_grinder

Action                   |  1- 3 |  4- 6 || total
-------------------------+-------+-------++-------
Melee: Club              |   103 |   143 ||   246
Throw: Stone             |     9 |    30 ||    39
 Cast: Corona            |    26 |    37 ||    63
  Use: Scroll            |     2 |     2 ||     4
  Eat: Chunk             |     3 |     5 ||     8

Table legend:
 A = Turns spent in this place as a percentage of turns spent in the entire game.
 B = Non-inter-level travel turns spent in this place as a percentage of non-inter-level travel turns spent in the entire game.
 C = Inter-level travel turns spent in this place as a percentage of turns spent in this place.
 D = Turns resting spent in this place as a percentage of non-inter-level travel turns spent in this place.
 E = Turns spent auto-exploring this place as a percentage of non-inter-level travel turns spent in this place.
 F = Non-inter-level travel turns spent in this place divided by the number of levels of this place that you've seen.
                   A       B       C       D       E      F
               +-------+-------+-------+-------+-------+----------------------
         Total | 100.0 | 100.0 |   0.6 |   2.1 |   6.5 | 270.7
       Dungeon | 100.0 | 100.0 |   0.6 |   2.1 |   6.5 | 270.7
               +-------+-------+-------+-------+-------+----------------------

Vault maps used:
D:1:      lightli_arrival_statue_moat, minmay_door_square
D:2:      nicolae_overflow_crystal_walls, lemuel_round_altar
D:3:      overflow_temple_1_default, lemuel_doored_altar, ecumenical_altar_1,
          grunt_ministairs_12, minmay_strange_pillars, minmay_misc_feat_tower,
          uniq_grinder
